SA
MANCELONA TORCH @ CHICAGO TULA
08/18/2026
 
TOP OF THE 1ST
Mancelona Torch batting - Pitching for Chicago Tula : RHP Guldemunde Geilinger
Pitching: RHP Guldemunde Geilinger
Batting: RHB José Córdova 0-0: Ball
1-0: Called Strike
1-1: Swinging Strike
1-2: Foul Ball, location: 2F
1-2: Ground out 5-3 (Groundball, 56S)
Batting: RHB Blake Snow 0-0: Ball
1-0: Ball
2-0: Foul Ball, location: 2F
2-1: Called Strike
2-2: Strikes out swinging, 2-3 out at first.
Batting: RHB Todd Sentell 0-0: Ball
1-0: Ground out 5-3 (Groundball, 5)
Top of the 1st over - 0 run(s), 0 hit(s), 0 error(s), 0 left on base; Mancelona 0 - Chicago 0
BOTTOM OF THE 1ST
Chicago Tula batting - Pitching for Mancelona Torch : RHP Robert Cagle
Pitching: RHP Robert Cagle
Batting: RHB Micheal Lovell 0-0: Ball
1-0: Called Strike
1-1: Fly out, F9 (Line Drive, 9)
Batting: RHB José Palácios 0-0: Fly out, F5 (Popup, 5L)
Batting: LHB Dana Waldrip 0-0: Swinging Strike
0-1: Called Strike
0-2: SINGLE (Groundball, 5D)
Batting: RHB Juan Chávez 0-0: Foul Ball, location: 2F
0-1: Swinging Strike
0-2: Ball
1-2: Ball
Dana Waldrip steals 2nd base
2-2: Ground out 5-3 (Groundball, 56)
Bottom of the 1st over - 0 run(s), 1 hit(s), 0 error(s), 1 left on base; Mancelona 0 - Chicago 0
TOP OF THE 2ND
Mancelona Torch batting - Pitching for Chicago Tula : RHP Guldemunde Geilinger
Batting: LHB José Valéncia 0-0: SINGLE (Flyball, 7S)
Batting: RHB Armando Pacheco 0-0: Ball
1-0: Ball
2-0: Called Strike
2-1: Swinging Strike
2-2: Strikes out looking
Batting: RHB Juan Hernández 0-0: Foul Ball, location: 2F
0-1: Called Strike
0-2: Strikes out swinging
José Valéncia steals 2nd base
Batter strikes out.
Batting: SHB Tony Walsh 0-0: Called Strike
0-1: Swinging Strike
0-2: Hit by Pitch
Batting: LHB Jim Unknown 0-0: Called Strike
0-1: Foul Ball, location: 2F
0-2: DOUBLE (Flyball, 78M)
José Valéncia scores
Tony Walsh to third
Runner from 3rd tries for Home, SAFE, no throw
Batting: LHB Yataro Matsuura 0-0: Ball
1-0: Foul Ball, location: 2F
1-1: Ground out U3 (Groundball, 3)
Top of the 2nd over - 2 run(s), 2 hit(s), 0 error(s), 1 left on base; Mancelona 2 - Chicago 0
BOTTOM OF THE 2ND
Chicago Tula batting - Pitching for Mancelona Torch : RHP Robert Cagle
Batting: SHB Eustacio Tafalla 0-0: Swinging Strike
0-1: Ball
1-1: Ball
2-1: Swinging Strike
2-2: Strikes out swinging
Batting: RHB Arturo Scantlebury 0-0: Ball
1-0: Ball
2-0: Called Strike
2-1: Foul Ball, location: 2F
2-2: Strikes out looking
Batting: LHB Miguel Gazivoda 0-0: Ground out 4-3 (Groundball, 4)
Bottom of the 2nd over - 0 run(s), 0 hit(s), 0 error(s), 0 left on base; Mancelona 2 - Chicago 0
TOP OF THE 3RD
Mancelona Torch batting - Pitching for Chicago Tula : RHP Guldemunde Geilinger
Batting: RHB José Córdova 0-0: Called Strike
0-1: Swinging Strike
0-2: Ball
1-2: Ball
2-2: Ball
3-2: Strikes out looking
Batting: RHB Blake Snow 0-0: Ball
1-0: Called Strike
1-1: SINGLE (Line Drive, 78S)
Batting: RHB Todd Sentell 0-0: Ball
1-0: SINGLE (Flyball, 9LS)
Blake Snow to second
Runner from 2nd tries for 3rd, SAFE, no throw
Batting: LHB José Valéncia 0-0: Foul Ball, location: 2F
0-1: Ball
1-1: Foul Ball, location: 2F
1-2: Foul Ball, location: 2F
1-2: Foul Ball, location: 2F
1-2: DOUBLE (Line Drive, 9LS)
Blake Snow scores
Todd Sentell to third
Batting: RHB Armando Pacheco 0-0: Ball
1-0: Ball
2-0: Ball
3-0: Called Strike
3-1: Called Strike
3-2: Foul Ball, location: 2F
3-2: Strikes out swinging
Batting: RHB Juan Hernández 0-0: Swinging Strike
0-1: Foul Ball, location: 2F
0-2: Ball
1-2: Strikes out looking
Top of the 3rd over - 1 run(s), 3 hit(s), 0 error(s), 2 left on base; Mancelona 3 - Chicago 0
BOTTOM OF THE 3RD
Chicago Tula batting - Pitching for Mancelona Torch : RHP Robert Cagle
Batting: RHB Zahid Kashani 0-0: Ball
1-0: Reached on error, E5 (Groundball, 5)
Batting: LHB César Gonzáles 0-0: Swinging Strike
0-1: Ball
1-1: Called Strike
1-2: Ball
2-2: Strikes out swinging
Batting: RHB Micheal Lovell 0-0: Called Strike
0-1: Called Strike
0-2: Grounds into double play, 6-4-3 (Groundball, 6)
Bottom of the 3rd over - 0 run(s), 0 hit(s), 1 error(s), 0 left on base; Mancelona 3 - Chicago 0
TOP OF THE 4TH
Mancelona Torch batting - Pitching for Chicago Tula : RHP Guldemunde Geilinger
Batting: SHB Tony Walsh 0-0: Foul Ball, location: 2F
0-1: Ground out 1-3 (Groundball, 13)
Batting: LHB Jim Unknown 0-0: Foul Ball, location: 2F
0-1: Ball
1-1: Ball
2-1: Foul Ball, location: 2F
2-2: SINGLE (Groundball, 34D)
Batting: LHB Yataro Matsuura 0-0: Called Strike
0-1: Foul Ball, location: 2F
0-2: Ground out 3-1 (Groundball, 3L)
Jim Unknown to second
Batting: RHB José Córdova 0-0: Ball
1-0: Ball
2-0: Called Strike
2-1: Ground out 6-3 (Groundball, 56)
Top of the 4th over - 0 run(s), 1 hit(s), 0 error(s), 1 left on base; Mancelona 3 - Chicago 0
BOTTOM OF THE 4TH
Chicago Tula batting - Pitching for Mancelona Torch : RHP Robert Cagle
Batting: RHB José Palácios 0-0: Ball
1-0: Foul Ball, location: 2F
1-1: Foul Ball, location: 2F
1-2: Foul Ball, location: 2F
1-2: Ball
2-2: Ball
3-2: Foul Ball, location: 2F
3-2: Reached on error, E5 (Groundball, 56)
Batting: LHB Dana Waldrip 0-0: Ball
1-0: Foul Ball, location: 2F
1-1: Called Strike
1-2: Ball
2-2: Strikes out looking
Batting: RHB Juan Chávez 0-0: Swinging Strike
0-1: Ball
1-1: Ball
2-1: DOUBLE (Line Drive, 7D)
José Palácios scores
Batting: SHB Eustacio Tafalla 0-0: Foul Ball, location: 2F
0-1: Fly out, F7 (Flyball, 78M)
Batting: RHB Arturo Scantlebury 0-0: Called Strike
0-1: Ball
1-1: Swinging Strike
1-2: Strikes out looking
Bottom of the 4th over - 1 run(s), 1 hit(s), 1 error(s), 1 left on base; Mancelona 3 - Chicago 1
TOP OF THE 5TH
Mancelona Torch batting - Pitching for Chicago Tula : RHP Guldemunde Geilinger
Batting: RHB Blake Snow 0-0: Foul Ball, location: 2F
0-1: Swinging Strike
0-2: Strikes out swinging
Batting: RHB Todd Sentell 0-0: Called Strike
0-1: Ball
1-1: Ball
2-1: Swinging Strike
2-2: Ball
3-2: Strikes out looking
Batting: LHB José Valéncia 0-0: Ball
1-0: Swinging Strike
1-1: Swinging Strike
1-2: Foul Ball, location: 2F
1-2: Foul Ball, location: 2F
1-2: Ball
2-2: Ball
3-2: Base on Balls
Batting: RHB Armando Pacheco 0-0: Called Strike
0-1: Ball
1-1: Swinging Strike
1-2: Foul Ball, location: 2F
1-2: Ground out 4-3 (Groundball, 4)
Top of the 5th over - 0 run(s), 0 hit(s), 0 error(s), 1 left on base; Mancelona 3 - Chicago 1
BOTTOM OF THE 5TH
Chicago Tula batting - Pitching for Mancelona Torch : RHP Robert Cagle
Batting: LHB Miguel Gazivoda 0-0: Ball
1-0: Ball
2-0: Ball
3-0: Called Strike
3-1: Base on Balls
Batting: RHB Zahid Kashani 0-0: Called Strike
0-1: Foul Ball, location: 2F
0-2: Strikes out swinging
Batting: LHB César Gonzáles 0-0: Called Strike
0-1: Ball
1-1: Ball
2-1: Called Strike
2-2: SINGLE (Groundball, 4MD)
Miguel Gazivoda to second
Runner from 2nd tries for 3rd, SAFE, throw made to third
César Gonzáles to second
Batting: RHB Micheal Lovell 0-0: Ball
1-0: Ball
2-0: Foul Ball, location: 2F
2-1: Fly out, F7 (Flyball, 78D)
Runner from 3rd tags up, SCORES, throw made
Batting: RHB José Palácios 0-0: Fly out, F8 (Flyball, 8LS)
Bottom of the 5th over - 1 run(s), 1 hit(s), 0 error(s), 1 left on base; Mancelona 3 - Chicago 2
TOP OF THE 6TH
Mancelona Torch batting - Pitching for Chicago Tula : RHP Guldemunde Geilinger
Batting: RHB Juan Hernández 0-0: Fly out, F9 (Flyball, 9LMF)
Batting: SHB Tony Walsh 0-0: Ball
1-0: Fly out, F8 (Flyball, 89S)
Batting: LHB Jim Unknown 0-0: Called Strike
0-1: Swinging Strike
0-2: Ball
1-2: Strikes out swinging
Top of the 6th over - 0 run(s), 0 hit(s), 0 error(s), 0 left on base; Mancelona 3 - Chicago 2
BOTTOM OF THE 6TH
Chicago Tula batting - Pitching for Mancelona Torch : RHP Robert Cagle
Batting: LHB Dana Waldrip 0-0: Ball
1-0: Called Strike
1-1: Called Strike
1-2: Strikes out swinging
Batting: RHB Juan Chávez 0-0: Ball
1-0: Called Strike
1-1: Swinging Strike
1-2: Fly out, F3 (Line Drive, 3)
Batting: SHB Eustacio Tafalla 0-0: Foul Ball, location: 2F
0-1: Swinging Strike
0-2: Ball
1-2: Strikes out swinging
Bottom of the 6th over - 0 run(s), 0 hit(s), 0 error(s), 0 left on base; Mancelona 3 - Chicago 2
TOP OF THE 7TH
Mancelona Torch batting - Pitching for Chicago Tula : RHP Guldemunde Geilinger
Batting: LHB Yataro Matsuura 0-0: Fly out, F7 (Flyball, 7LMF)
Batting: RHB José Córdova 0-0: Foul Ball, location: 2F
0-1: Ball
1-1: Ball
2-1: Ball
3-1: Ground out 4-3 (Groundball, 4)
Batting: RHB Blake Snow 0-0: Ball
1-0: Called Strike
1-1: Swinging Strike
1-2: Strikes out swinging
Top of the 7th over - 0 run(s), 0 hit(s), 0 error(s), 0 left on base; Mancelona 3 - Chicago 2
BOTTOM OF THE 7TH
Chicago Tula batting - Pitching for Mancelona Torch : RHP Robert Cagle
Batting: RHB Arturo Scantlebury 0-0: Fly out, F4 (Line Drive, 34)
Batting: LHB Miguel Gazivoda 0-0: Called Strike
0-1: Ground out 4-3 (Groundball, 4)
Batting: RHB Zahid Kashani 0-0: Ground out 6-3 (Groundball, 6S)
Bottom of the 7th over - 0 run(s), 0 hit(s), 0 error(s), 0 left on base; Mancelona 3 - Chicago 2
TOP OF THE 8TH
Mancelona Torch batting - Pitching for Chicago Tula : RHP Guldemunde Geilinger
Pitching: RHP Brantford Winstworth III
Batting: RHB Todd Sentell 0-0: Ball
1-0: Ball
2-0: Swinging Strike
2-1: Ball
3-1: Called Strike
3-2: Ground out 3-1 (Groundball, 34S)
Batting: LHB José Valéncia 0-0: Ball
1-0: Ground out 1-3 (Groundball, 15S)
Batting: RHB Armando Pacheco 0-0: Ball
1-0: Called Strike
1-1: Foul Ball, location: 2F
1-2: Ball
2-2: Ball
3-2: Ground out U3 (Groundball, 3S)
Top of the 8th over - 0 run(s), 0 hit(s), 0 error(s), 0 left on base; Mancelona 3 - Chicago 2
BOTTOM OF THE 8TH
Chicago Tula batting - Pitching for Mancelona Torch : RHP Robert Cagle
Batting: LHB César Gonzáles 0-0: Ball
1-0: Fly out, F6 (Popup, 6)
Batting: RHB Micheal Lovell 0-0: Fly out, F9 (Flyball, 9LM)
Batting: RHB José Palácios 0-0: Fly out, F8 (Flyball, 8LM)
Bottom of the 8th over - 0 run(s), 0 hit(s), 0 error(s), 0 left on base; Mancelona 3 - Chicago 2
TOP OF THE 9TH
Mancelona Torch batting - Pitching for Chicago Tula : RHP Brantford Winstworth III
Pitching: RHP Joseph Chartier
Batting: RHB Juan Hernández 0-0: SINGLE (Line Drive, 4D)
Pinch Hitting: LHB José Hernández 0-0: Foul Ball, location: 2F
0-1: Bunted foul
0-2: Ball
1-2: Foul Ball, location: 2F
1-2: Ball
2-2: Ball
Juan Hernández steals 2nd base
3-2: Intentional Walk
Pinch Hitting: RHB Jim Unknown 0-0: Foul Ball, location: 2F
0-1: Ball
1-1: Ball
2-1: Ball
3-1: Foul Ball, location: 2F
3-2: Foul Ball, location: 2F
3-2: Strikes out swinging
Batting: LHB Yataro Matsuura 0-0: Foul Ball, location: 2F
0-1: Ball
1-1: Swinging Strike
1-2: Strikes out swinging
Batting: RHB José Córdova 0-0: Ball
1-0: Called Strike
1-1: Called Strike
1-2: Ball
2-2: Foul Ball, location: 2F
2-2: Ball
3-2: Strikes out swinging
Top of the 9th over - 0 run(s), 1 hit(s), 0 error(s), 2 left on base; Mancelona 3 - Chicago 2
BOTTOM OF THE 9TH
Chicago Tula batting - Pitching for Mancelona Torch : RHP Robert Cagle
Pitching: LHP Ramiro Elizondo
Now at C: Jorge Morín
Now in RF: José Hernández
Pinch Hitting: RHB Apu Nahasapeemapetilon 0-0: Ball
1-0: Called Strike
1-1: Foul Ball, location: 2F
1-2: Ground out 5-3 (Groundball, 56)
Batting: RHB Juan Chávez 0-0: Ball
1-0: Called Strike
1-1: Foul Ball, location: 2F
1-2: Strikes out looking
Pinch Hitting: RHB Alfonso Morín 0-0: Fly out, F9 (Flyball, 9S)
Bottom of the 9th over - 0 run(s), 0 hit(s), 0 error(s), 0 left on base; Mancelona 3 - Chicago 2
Monday, March 20th, 2017 - OOTP Baseball 17.12 Build 75